AoeStats
← Borjão09

Arabia

513654445Analyzed
1v1 RM · 3d ago on Oct 14, 2026· 23m 49s· 2 players
Game mode
Random Map
Map size
Tiny (2 player)
Population
200
Speed
Normal
Resources
Standard
Victory
Conquest
Starting age
Dark Age
Ending age
Imperial Age
RankedLock teamsTeams togetherTeam positionsShared explorationLock speedFull tech treeHidden civsTurbo modeCheats
Victory
Defeat
🇨🇱 Franks · Chile
227
+11
vs
🇧🇷 Varangians · Brazil
109
-11
Borjão09
1:28 Loom
17:11 Feudal Age
19:55 Wheelbarrow
19:05 Horse Collar
20:28 Double-Bit Axe
Katu
1:42 Loom
6:43 Loom
8:21 Loom
10:45 Feudal Age
12:21 Wheelbarrow
11:37 Double-Bit Axe
19:19 Forging
20:04 Gold Mining
23:13 Castle Age
Connection lost

Rejoining the realm…

Still unreachable

The connection could not be restored.

Session expired

The server has moved on; the page needs a fresh start.